[Event "Titled Tuesday Blitz May 25 2021"]
[White "Ohanyan, Emin"]
[Black "Xiong, Jeffery"]
[WhiteFideId "13312022"]
[BlackFideId "2047640"]
[WhiteElo "1648"]
[BlackElo "2724"]
[Result "0-1"]
[Round "02"]
[TimeControl "180+1"]
[Date "2021.05.25"]
[WhiteClock "0:00:02"]
[BlackClock "0:00:10"]

1. e4 c5 2. Nf3 Nc6 3. Nc3 e6 4. d4 cxd4 5. Nxd4 a6 6. Nxc6 bxc6 7. Bd3 d5 8. O-O Qc7 9. Re1 Bb7 10. Qf3 Bd6 11. exd5 cxd5 12. Nxd5 Qa5 13. b4 Bxb4 14. Nf6+ Nxf6 15. Qxb7 O-O 16. Rd1 Rab8 17. Qxa6 Qxa6 18. Bxa6 Bc3 19. Ba3 Rfd8 20. Rxd8+ Rxd8 21. Rb1 h5 22. Be7 Ra8 23. Bxf6 gxf6 24. Bc4 f5 25. Kf1 Kg7 26. Rd1 Kf6 27. h3 h4 28. Ke2 Rc8 29. Bb3 Bb4 30. Rd4 Bc5 31. Rxh4 Rg8 32. Rc4 Bd6 33. Kf1 f4 34. a4 Ra8 35. Rc6 Ke5 36. Rb6 Bc5 37. Rb5 Kd6 38. Ke2 f5 39. h4 e5 40. a5 e4 41. Bc4 Kc6 42. a6 Rd8 43. Rb1 Rh8 44. Rh1 Kb6 45. h5 Rh6 46. f3 Ka5 47. Rh2 Kb4 48. Bd5 e3 49. Rh3 Rxa6 50. h6 Bd4 51. h7 Bh8 52. Bb3 Kc3 53. Rh5 Rd6 54. Rxf5 Rd2+ 55. Ke1 Rxg2 56. Rc5+ Kb2 57. Rd5 Bc3+ 58. Kf1 e2+ 59. Kxg2 e1=Q 60. Rd7 Qg3+ 61. Kh1 Qh3+ 62. Kg1 Qxd7 63. h8=Q Bxh8 0-1


[Site "https://www.chess.com"]

[Event "Titled Tuesday Blitz May 25 2021"]
[White "Ozen, Bahadir"]
[Black "Odegov, Artem"]
[WhiteFideId "6337058"]
[BlackFideId "34183644"]
[WhiteElo "2503"]
[BlackElo "2270"]
[Result "1-0"]
[Round "02"]
[TimeControl "180+1"]
[Date "2021.05.25"]
[WhiteClock "0:01:43"]
[BlackClock "0:00:04"]

1. d4 Nf6 2. Nf3 c5 3. d5 g6 4. Nc3 d6 5. e4 Bg7 6. Bb5+ Bd7 7. a4 O-O 8. O-O Bg4 9. h3 Bc8 10. Re1 Nbd7 11. Bf4 a6 12. Bf1 Qb6 13. a5 Qd8 14. e5 Nh5 15. Bh2 dxe5 16. Nxe5 Nxe5 17. Bxe5 Bxe5 18. Rxe5 Ng7 19. Qd2 Bf5 20. Na4 Qd6 21. Rae1 Rad8 22. Qc3 Qf6 23. Nxc5 Rc8 24. b4 h5 25. Qd2 Qh4 26. Rxe7 Rfd8 27. c4 Rf8 28. Rxb7 Rcd8 29. Rbe7 Rde8 30. Rxe8 Rxe8 31. Rxe8+ Nxe8 32. d6 Nf6 33. d7 Nxd7 34. Nxd7 Bxd7 35. Qxd7 Qg5 36. Qc8+ Kg7 37. Qxa6 Qd2 38. Qb5 Qc3 39. a6 Qa1 40. Qa5 h4 41. Qxa1+ 1-0


[Site "https://www.chess.com"]

[Event "Titled Tuesday Blitz May 25 2021"]
[White "Petriashvili, Nikoloz"]
[Black "Maevsky, Nikolay"]
[WhiteFideId "13611216"]
[BlackFideId "4198220"]
[WhiteElo "2430"]
[BlackElo "2282"]
[Result "1-0"]
[Round "02"]
[TimeControl "180+1"]
[Date "2021.05.25"]
[WhiteClock "0:00:29"]
[BlackClock "0:00:29"]

1. d4 d5 2. c4 Nc6 3. Nf3 Bg4 4. cxd5 Bxf3 5. dxc6 Bxc6 6. Nc3 e6 7. Bf4 Bb4 8. e3 Ne7 9. Bg3 O-O 10. Qb3 Nd5 11. a3 Ba5 12. Qc2 Qg5 13. Bd3 Nxc3 14. bxc3 Bxg2 15. Rg1 Bf3 16. Kd2 Qh6 17. Bf4 Qh4 18. Rg3 Bd5 19. Rag1 g6 20. h3 Qe7 21. Bxg6 Kh8 22. Bxh7 f6 23. Rg7 Rf7 24. Rg8+ Rxg8 25. Rxg8# 1-0


[Site "https://www.chess.com"]

[Event "Titled Tuesday Blitz May 25 2021"]
[White "Piccoli, Lucas Fonseca"]
[Black "Ponikarovsky, Alexey"]
[WhiteFideId "2190788"]
[BlackFideId "4122887"]
[WhiteElo "1776"]
[BlackElo "1944"]
[Result "0-1"]
[Round "02"]
[TimeControl "180+1"]
[Date "2021.05.25"]
[WhiteClock "0:00:06"]
[BlackClock "0:00:27"]

1. c4 c5 2. Nf3 Nc6 3. Nc3 Nf6 4. g3 e6 5. Bg2 d5 6. cxd5 exd5 7. d4 cxd4 8. Nxd4 Be7 9. O-O O-O 10. b3 Be6 11. Bb2 Qd7 12. Re1 Bh3 13. Bh1 Rac8 14. a3 Rfd8 15. b4 Ne5 16. Ra2 Nc4 17. Ba1 a5 18. bxa5 Nxa5 19. Qd3 Nc4 20. a4 Bb4 21. Rb1 Ne5 22. Qd2 Ba5 23. Rb5 b6 24. Qe3 Neg4 25. Qd3 Ne5 26. Qe3 Re8 27. Qc1 Bxc3 28. Bxc3 Ne4 29. Rc2 Nc4 30. Bxe4 dxe4 31. Rg5 e3 32. Nf5 Bxf5 33. Bxg7 Bg6 34. Rxc4 exf2+ 35. Kxf2 Rxc4 36. Qxc4 Kxg7 37. Rd5 Qe6 38. Qd4+ Qf6+ 39. Qxf6+ Kxf6 40. Rd6+ Re6 41. Rd7 Kg7 42. Rd4 Re4 43. Rd6 Rb4 44. Rc6 Rb2 45. Kf3 Bh5+ 46. g4 Bg6 47. h4 Bc2 48. h5 h6 49. g5 hxg5 50. h6+ Kh7 51. Kg4 Bxa4 52. Rf6 Rxe2 53. Kxg5 Rg2+ 54. Kf4 Rf2+ 55. Kg5 Rxf6 56. Kxf6 b5 57. Kxf7 b4 0-1


[Site "https://www.chess.com"]

[Event "Titled Tuesday Blitz May 25 2021"]
[White "Popilski, Gil"]
[Black "Aravindh, Chithambaram VR."]
[WhiteFideId "2809060"]
[BlackFideId "5072786"]
[WhiteElo "2537"]
[BlackElo "2600"]
[Result "0-1"]
[Round "02"]
[TimeControl "180+1"]
[Date "2021.05.25"]
[WhiteClock "0:00:09"]
[BlackClock "0:00:24"]

1. e4 g6 2. d4 Bg7 3. Nf3 d6 4. Be2 Nf6 5. Nc3 O-O 6. O-O Nc6 7. d5 Nb8 8. a4 e5 9. dxe6 Bxe6 10. h3 Nc6 11. a5 a6 12. Bg5 h6 13. Be3 Re8 14. Re1 d5 15. exd5 Nxd5 16. Nxd5 Qxd5 17. c3 Rad8 18. Qa4 Qb3 19. Qh4 Ne7 20. g4 g5 21. Bxg5 Ng6 22. Qh5 hxg5 23. Nxg5 Nf4 24. Qh7+ Kf8 25. Bd1 Qd5 26. Ne4 f5 27. c4 Qe5 28. Ba4 fxe4 29. Bxe8 Rxe8 30. Rxe4 Nxh3+ 31. Kf1 Ng5 32. Rxe5 0-1


[Site "https://www.chess.com"]

[Event "Titled Tuesday Blitz May 25 2021"]
[White "Preotu, Razvan"]
[Black "Milosevic, Milos"]
[WhiteFideId "2613280"]
[BlackFideId "964875"]
[WhiteElo "2407"]
[BlackElo "2135"]
[Result "0-1"]
[Round "02"]
[TimeControl "180+1"]
[Date "2021.05.25"]
[WhiteClock "0:00:24"]
[BlackClock "0:00:11"]

1. e4 e5 2. Nf3 Nc6 3. Bc4 Bc5 4. c3 Nf6 5. d4 exd4 6. e5 d5 7. Bb5 Ne4 8. cxd4 Bb4+ 9. Nbd2 O-O 10. O-O Nxd2 11. Bxd2 Bxd2 12. Qxd2 Ne7 13. Bd3 c6 14. b4 Bf5 15. Rfc1 Qd7 16. a4 f6 17. b5 Bxd3 18. Qxd3 Ng6 19. bxc6 bxc6 20. Re1 Qg4 21. h3 Qxg2+ 22. Kxg2 Nf4+ 23. Kg3 Nxd3 24. Re3 Nb4 25. Rc1 a5 26. exf6 gxf6 27. Re7 Rf7 28. Re6 Kh8 29. Nh4 Rg8+ 30. Kf3 f5 31. Rc5 f4 32. Rxa5 Nc2 0-1


[Site "https://www.chess.com"]

[Event "Titled Tuesday Blitz May 25 2021"]
[White "Principe, Gerson"]
[Black "Shkapenko, Pavel"]
[WhiteFideId "3804550"]
[BlackFideId "4151933"]
[WhiteElo "2280"]
[BlackElo "2386"]
[Result "1/2-1/2"]
[Round "02"]
[TimeControl "180+1"]
[Date "2021.05.25"]
[WhiteClock "0:00:22"]
[BlackClock "0:00:46"]

1. d4 Nf6 2. Nf3 e6 3. c4 Bb4+ 4. Bd2 Qe7 5. g3 Nc6 6. Nc3 Bxc3 7. Bxc3 Ne4 8. Rc1 O-O 9. Bg2 d6 10. O-O Nxc3 11. Rxc3 e5 12. d5 Nb8 13. b4 a5 14. a3 Bg4 15. c5 Na6 16. cxd6 cxd6 17. Qb1 Bxf3 18. Bxf3 axb4 19. axb4 Qd8 20. Rfc1 Qb6 21. Rb3 f5 22. Bg2 g6 23. e3 Rac8 24. Bf1 Rc7 25. Bxa6 Rxc1+ 26. Qxc1 Qxa6 27. Qc7 Rf7 28. Qc8+ Kg7 29. Rc3 Qb6 30. Qe8 f4 31. exf4 exf4 32. Rc8 fxg3 33. Qg8+ Kf6 34. hxg3 Qxb4 35. Qd8+ Kg7 36. Qg8+ Kf6 37. Qd8+ Kg7 38. Qg8+ Kf6 1/2-1/2


[Site "https://www.chess.com"]

[Event "Titled Tuesday Blitz May 25 2021"]
[White "Provotorov, Ivan"]
[Black "Samsonkin, Artiom"]
[WhiteFideId "4154657"]
[BlackFideId "13503111"]
[WhiteElo "2244"]
[BlackElo "2513"]
[Result "1/2-1/2"]
[Round "02"]
[TimeControl "180+1"]
[Date "2021.05.25"]
[WhiteClock "0:00:09"]
[BlackClock "0:00:08"]

1. c4 Nf6 2. Nc3 e6 3. e4 d5 4. e5 d4 5. exf6 dxc3 6. bxc3 Qxf6 7. Nf3 e5 8. Bd3 Na6 9. O-O Bg4 10. Re1 Bxf3 11. Qxf3 Nc5 12. Bf5 Be7 13. d4 exd4 14. cxd4 O-O 15. Ba3 Qxd4 16. Rad1 Qf6 17. Bxc5 Bxc5 18. Bxh7+ Kxh7 19. Qh5+ Kg8 20. Qxc5 c6 21. Qd6 Qxd6 22. Rxd6 Rfd8 23. Red1 Rxd6 24. Rxd6 Re8 25. Kf1 Re4 26. Rd7 b6 27. c5 Ra4 28. Rc7 Rxa2 29. cxb6 axb6 30. Rxc6 b5 31. Rb6 Rb2 32. g4 f6 33. Rb7 Kh7 34. Kg2 Kg6 35. Kg3 b4 36. h4 b3 37. f4 Kh6 38. f5 Rb1 39. Rb8 Kh7 40. Rb7 b2 41. Kg2 Kg8 42. g5 fxg5 43. hxg5 Kf8 44. f6 gxf6 45. gxf6 Ke8 46. Kh2 Kf8 47. Kg2 Ke8 48. Kh2 Kf8 49. Kg2 1/2-1/2


[Site "https://www.chess.com"]

[Event "Titled Tuesday Blitz May 25 2021"]
[White "Przybylski, Wojciech"]
[Black "Nitin, S."]
[WhiteFideId "1117599"]
[BlackFideId "5018277"]
[WhiteElo "2317"]
[BlackElo "2431"]
[Result "0-1"]
[Round "02"]
[TimeControl "180+1"]
[Date "2021.05.25"]
[WhiteClock "0:00:07"]
[BlackClock "0:00:13"]

1. e4 c5 2. Nf3 b6 3. c3 Bb7 4. Bd3 Nf6 5. Qe2 d5 6. e5 Ne4 7. Bc2 c4 8. b3 cxb3 9. axb3 e6 10. d3 Nc5 11. O-O Be7 12. d4 Ncd7 13. Ba3 Nc6 14. Nbd2 a5 15. Bd3 O-O 16. h4 h6 17. Qe3 Re8 18. Bxe7 Qxe7 19. Qe2 Rac8 20. Rac1 Na7 21. Bb1 b5 22. Qd3 Nf8 23. g3 Ba6 24. Qe3 b4 25. c4 Qd8 26. Rfd1 Bb7 27. c5 Nb5 28. Bc2 Nc3 29. Re1 Bc6 30. Ra1 Ra8 31. Nh2 h5 32. Nhf3 g6 33. Kh2 Kg7 34. Ng5 Nh7 35. Nxh7 Kxh7 36. Nf3 Kg7 37. Ng5 Ra7 38. Qf4 Qe7 39. g4 hxg4 40. Qxg4 Rh8 41. Kg2 Rh5 42. Rh1 Kf8 43. Qf4 Ke8 44. Kh3 Kd8 45. Rhg1 Kc8 46. Bd3 Kb8 47. Rgc1 Qe8 48. Kg2 Qe7 49. Kg3 Be8 50. Kh3 Bc6 51. Re1 Qf8 52. Qf6 Qg8 53. Kg3 Qh8 54. Rh1 Qxf6 55. exf6 Kc7 56. Rhe1 Kd8 57. f4 a4 58. bxa4 Rxa4 59. Rxa4 Bxa4 60. Ra1 Ke8 61. Rc1 Rh8 62. Bc2 b3 63. Bd3 Na2 64. Rb1 Rf8 65. Nf3 Nb4 66. Be2 Nc2 67. Bd3 Kd7 68. Ne5+ Kc7 69. Bxc2 bxc2 70. Ra1 Rb8 71. Nd3 Rb1 72. Rxa4 Rb3 73. Ra7+ Kb8 74. Ra1 Rxd3+ 75. Kf2 Rd1 76. Ra2 c1=Q 77. Re2 Rd2 78. h5 Rxe2+ 79. Kxe2 gxh5 80. Kf3 Qc3+ 81. Kg2 Qxd4 82. Kh3 Qxf6 83. c6 d4 84. c7+ Kxc7 85. Kg3 d3 86. Kh3 d2 87. Kg2 d1=Q 88. Kh3 Qg4+ 89. Kh2 Qfh4# 0-1


[Site "https://www.chess.com"]

[Event "Titled Tuesday Blitz May 25 2021"]
[White "Quintin Navarro, Alberto"]
[Black "Terry, Renato"]
[WhiteFideId "2292688"]
[BlackFideId "3803457"]
[WhiteElo "2289"]
[BlackElo "2581"]
[Result "0-1"]
[Round "02"]
[TimeControl "180+1"]
[Date "2021.05.25"]
[WhiteClock "0:00:27"]
[BlackClock "0:01:08"]

1. c4 e5 2. Nc3 Nc6 3. Nf3 f5 4. g3 Nf6 5. d4 e4 6. Nh4 g6 7. Bg5 Bg7 8. Ng2 h6 9. Bxf6 Bxf6 10. e3 g5 11. Qh5+ Kf8 12. Nd5 Bg7 13. h4 Ne7 14. Rc1 c6 15. Nxe7 Qxe7 16. Qg6 Qf6 17. Qxf6+ Bxf6 18. hxg5 hxg5 19. Rxh8+ Bxh8 20. c5 b6 21. b4 Rb8 22. a3 Ke7 23. Be2 a5 24. cxb6 axb4 25. axb4 Rxb6 26. Rc5 d5 27. b5 Bd7 28. Kd2 Kd6 29. bxc6 Bxc6 30. Ne1 f4 31. gxf4 gxf4 32. Nc2 f3 33. Bf1 Bf6 34. Na3 Bh4 35. Bb5 Bb7 36. Ke1 Ke6 37. Nc2 Be7 0-1


[Site "https://www.chess.com"]

[Event "Titled Tuesday Blitz May 25 2021"]
[White "Rasulov, Vugar"]
[Black "Orlov, Oleg"]
[WhiteFideId "13402390"]
[BlackFideId "4166612"]
[WhiteElo "2553"]
[BlackElo "2395"]
[Result "1-0"]
[Round "02"]
[TimeControl "180+1"]
[Date "2021.05.25"]
[WhiteClock "0:01:36"]
[BlackClock "0:00:10"]

1. Nf3 c5 2. b3 Nc6 3. Bb2 d5 4. e3 a6 5. d4 Nf6 6. Be2 Bg4 7. O-O e6 8. h3 Bh5 9. Nbd2 Be7 10. c4 O-O 11. cxd5 exd5 12. Rc1 cxd4 13. Nxd4 Bxe2 14. Qxe2 Re8 15. Nxc6 bxc6 16. Rxc6 Qa5 17. a4 Qb4 18. Rfc1 a5 19. Qd3 Rab8 20. Bc3 Qb7 21. Bxa5 Ra8 22. Bb6 Bb4 23. Bd4 Bxd2 24. Qxd2 Ne4 25. Qc2 h6 26. Rc7 Qb4 27. Rd7 Rac8 28. Qxc8 Rxc8 29. Rxc8+ Kh7 30. Rxf7 Qe1+ 31. Kh2 Kg6 32. Rxg7+ Kh5 33. Rf8 Ng5 34. Rf4 Qb4 35. Bf6 Qxb3 36. g4+ Kh4 37. Bxg5+ hxg5 38. Rh7# 1-0


[Site "https://www.chess.com"]

[Event "Titled Tuesday Blitz May 25 2021"]
[White "Reprintsev, Alexander"]
[Black "Molina, Roberto Junio Brito"]
[WhiteFideId "14100541"]
[BlackFideId "2109450"]
[WhiteElo "2177"]
[BlackElo "2402"]
[Result "0-1"]
[Round "02"]
[TimeControl "180+1"]
[Date "2021.05.25"]
[WhiteClock "0:00:02"]
[BlackClock "0:00:58"]

1. e4 c6 2. Nc3 d5 3. Nf3 Bg4 4. h3 Bxf3 5. Qxf3 e6 6. b3 Nf6 7. e5 Nfd7 8. Qg3 c5 9. f4 g6 10. Bb2 Nb6 11. h4 h5 12. O-O-O Nc6 13. Be2 Be7 14. Qf2 Rc8 15. Rdg1 Nd4 16. g4 Nxe2+ 17. Nxe2 hxg4 18. Rxg4 Rh5 19. Ng3 Rh8 20. h5 gxh5 21. Rxh5 Kd7 22. Rxh8 Qxh8 23. f5 Rg8 24. fxe6+ fxe6 25. Rf4 Rxg3 26. Bc3 Rxc3 27. Kb2 Rh3 28. Rf7 Qxe5+ 29. c3 Rh2 30. Qxc5 Rxd2+ 31. Ka3 Qd6 32. b4 Nc4+ 0-1


[Site "https://www.chess.com"]

[Event "Titled Tuesday Blitz May 25 2021"]
[White "Romanchuk, Viktor"]
[Black "Onyshchuk, Volodymyr"]
[WhiteFideId "14109271"]
[BlackFideId "14114038"]
[WhiteElo "2242"]
[BlackElo "2605"]
[Result "1/2-1/2"]
[Round "02"]
[TimeControl "180+1"]
[Date "2021.05.25"]
[WhiteClock "0:00:22"]
[BlackClock "0:00:03"]

1. d4 d6 2. c4 e5 3. Nc3 exd4 4. Qxd4 Nc6 5. Qd2 Nf6 6. g3 Be6 7. Nd5 Ne5 8. b3 c6 9. Nxf6+ Qxf6 10. Bb2 Qg6 11. Bg2 h5 12. Nf3 Nxf3+ 13. Bxf3 Be7 14. h4 O-O-O 15. O-O-O Bf6 16. Bxf6 Qxf6 17. Qb2 Qe5 18. Qxe5 dxe5 19. Rxd8+ Kxd8 20. Rd1+ Ke7 21. c5 f6 22. Kb2 g5 23. Rh1 g4 24. Bg2 Rd8 25. Kc2 Bf5+ 26. e4 Be6 27. Rd1 Rf8 28. Kc3 a5 29. a3 Rb8 30. Bf1 Rf8 31. Rd2 f5 32. exf5 Rxf5 33. Bg2 Rf8 34. Re2 Rf5 35. Be4 Rf6 36. Bg2 Rf5 37. Be4 Rf8 38. Bg2 Kf6 39. Rd2 Rb8 40. Rd6 Ke7 41. Be4 Rf8 42. Rd2 Bf5 43. Bg2 Bg6 44. Re2 Kf6 45. Rd2 Bf5 46. Rd6+ Be6 47. Rd2 Rb8 48. Rd6 Ke7 49. Be4 b6 50. Rxc6 bxc5 51. Rxc5 Rxb3+ 52. Kd2 Rxa3 53. Rxe5 Kf6 54. Rxh5 Ra2+ 55. Ke3 a4 56. Ra5 a3 57. h5 Ra1 58. h6 a2 59. Kf4 Re1 60. h7 Kg7 61. Ra7+ Bf7 62. Rxf7+ Kxf7 63. h8=Q a1=Q 64. Qxa1 Rxa1 65. Kxg4 Ra4 66. f3 Kf6 67. Kf4 Ra5 68. Kg4 Rb5 69. Kf4 Rc5 70. Kg4 Rb5 1/2-1/2


[Site "https://www.chess.com"]

[Event "Titled Tuesday Blitz May 25 2021"]
[White "Rozen, Eytan"]
[Black "Tomb, Maroun"]
[WhiteFideId "2816750"]
[BlackFideId "5300398"]
[WhiteElo "1963"]
[BlackElo "2515"]
[Result "0-1"]
[Round "02"]
[TimeControl "180+1"]
[Date "2021.05.25"]
[WhiteClock "0:00:09"]
[BlackClock "0:00:15"]

1. e4 d5 2. Nc3 Nf6 3. e5 d4 4. exf6 dxc3 5. fxg7 cxd2+ 6. Qxd2 Qxd2+ 7. Bxd2 Bxg7 8. O-O-O Be6 9. a3 Nc6 10. Nf3 O-O-O 11. Ng5 Rd6 12. Nxe6 Rxe6 13. Bc4 Rg6 14. g3 Ne5 15. Be2 h5 16. h3 h4 17. f4 Nc6 18. f5 Rxg3 19. Bg4 f6 20. Kb1 Bh6 21. Be1 Ne5 22. Bxg3 hxg3 23. Rdg1 Bf4 24. Be2 Nf7 25. h4 Nh6 26. h5 Rg8 27. Rh4 Be5 28. c3 Rg5 29. Kc2 c6 30. Kd3 Kc7 31. Ke4 Nxf5 32. Rh3 Nh6 33. Bf3 a6 34. a4 e6 35. Rg2 Kd6 36. Rh1 f5+ 37. Ke3 Ke7 38. Rd1 Bd6 39. Rd4 Bc5 40. Kf4 Nf7 41. Rxg3 e5+ 42. Ke3 Bxd4+ 43. cxd4 f4+ 44. Ke4 fxg3 45. dxe5 g2 46. Kf4 g1=Q 0-1


[Site "https://www.chess.com"]

[Event "Titled Tuesday Blitz May 25 2021"]
[White "Rozhkov, Viacheslav"]
[Black "Cardoso Cardoso, Jose Gabriel"]
[WhiteFideId "4181484"]
[BlackFideId "4430492"]
[WhiteElo "2324"]
[BlackElo "2343"]
[Result "0-1"]
[Round "02"]
[TimeControl "180+1"]
[Date "2021.05.25"]
[WhiteClock "0:00:07"]
[BlackClock "0:00:34"]

1. e4 c5 2. Nf3 d6 3. d4 cxd4 4. Nxd4 Nf6 5. Nc3 a6 6. Be3 e5 7. Nb3 Be6 8. f3 h5 9. Qd2 Nbd7 10. g3 Be7 11. O-O-O b5 12. Kb1 Qc7 13. Nd5 Bxd5 14. exd5 Nb6 15. Bxb6 Qxb6 16. f4 O-O 17. fxe5 dxe5 18. Bd3 a5 19. Rhe1 a4 20. Nc1 a3 21. b3 g6 22. d6 Qxd6 23. Bxb5 Qxd2 24. Rxd2 Bb4 25. Rde2 Bxe1 26. Rxe1 Nd5 27. Ne2 Rac8 28. c4 Nb4 29. Nc3 Rfd8 30. Ne4 f5 31. Nc3 Rd2 32. Rxe5 Rb2+ 33. Kc1 Nd3+ 0-1


[Site "https://www.chess.com"]

[Event "Titled Tuesday Blitz May 25 2021"]
[White "Salem, A.R. Saleh"]
[Black "Dowgird, Filip"]
[WhiteFideId "9301348"]
[BlackFideId "1121235"]
[WhiteElo "2659"]
[BlackElo "2209"]
[Result "1-0"]
[Round "02"]
[TimeControl "180+1"]
[Date "2021.05.25"]
[WhiteClock "0:00:11"]
[BlackClock "0:00:15"]

1. d4 Nf6 2. c4 Nc6 3. Nf3 e6 4. a3 d6 5. Nc3 g6 6. g3 Bg7 7. Bg2 O-O 8. O-O Nd7 9. Bg5 f6 10. Bd2 Nb6 11. b3 f5 12. d5 Ne5 13. a4 exd5 14. cxd5 Nxf3+ 15. exf3 a5 16. Rc1 Nd7 17. Nb5 Nc5 18. Be3 b6 19. Re1 Bd7 20. Nd4 Qf6 21. Qd2 f4 22. gxf4 Bh6 23. Ne6 Bxe6 24. dxe6 Nxb3 25. Qd5 Nxc1 26. e7+ Qf7 27. exf8=Q+ Rxf8 28. Qxf7+ Rxf7 29. Rxc1 Kf8 30. f5 Bxe3 31. fxe3 gxf5 32. f4 Ke8 33. Bd5 Rg7+ 34. Kf2 Kd7 35. Bc6+ Ke6 36. Rd1 h6 37. Kf3 Kf6 38. Bd5 Ke7 39. Rc1 Kd7 40. h3 h5 41. Bc6+ Ke6 42. h4 Rg4 43. Rh1 Rg8 44. Kf2 Rg7 45. Bf3 d5 46. Bxh5 c6 47. Bf3 b5 48. axb5 cxb5 49. h5 Kd6 50. Rd1 Kc5 51. Rxd5+ Kc4 52. Rxf5 a4 53. Be2+ 1-0


[Site "https://www.chess.com"]

[Event "Titled Tuesday Blitz May 25 2021"]
[White "Samadov, Read"]
[Black "Janaszak, Dawid"]
[WhiteFideId "13417444"]
[BlackFideId "1119206"]
[WhiteElo "2084"]
[BlackElo "2332"]
[Result "1-0"]
[Round "02"]
[TimeControl "180+1"]
[Date "2021.05.25"]
[WhiteClock "0:01:05"]
[BlackClock "0:01:04"]

1. d4 c6 2. c4 d5 3. cxd5 cxd5 4. Nc3 Nc6 5. Bf4 Nf6 6. Nf3 a6 7. e3 Bf5 8. Qb3 Ra7 9. Ne5 e6 10. Be2 Be7 11. g4 Bg6 12. h4 Na5 13. Qd1 h6 14. Nxg6 fxg6 15. Qc2 O-O 16. Qxg6 Qe8 17. Qxe8 Nxe8 18. g5 hxg5 19. hxg5 Nd6 20. Bg4 Nf5 21. Ke2 g6 22. Rh3 Kf7 23. Rah1 b5 24. Rh7+ Ke8 25. Rh8 Nc4 26. Rxf8+ Bxf8 27. b3 Na3 28. Rh8 b4 29. Bxf5 gxf5 30. Bd6 1-0


[Site "https://www.chess.com"]

[Event "Titled Tuesday Blitz May 25 2021"]
[White "Sanchez Alvares, Kelvin Antonio"]
[Black "Savitski, Andrei"]
[WhiteFideId "3906680"]
[BlackFideId "13506161"]
[WhiteElo "2247"]
[BlackElo "2121"]
[Result "1-0"]
[Round "02"]
[TimeControl "180+1"]
[Date "2021.05.25"]
[WhiteClock "0:00:08"]
[BlackClock "0:00:07"]

1. e4 c5 2. Nf3 d6 3. d4 cxd4 4. Nxd4 Nf6 5. Nc3 Nc6 6. Bg5 e6 7. Qd2 a6 8. f4 Bd7 9. Nf3 Be7 10. O-O-O b5 11. e5 b4 12. exf6 bxc3 13. Qxc3 gxf6 14. f5 e5 15. Be3 a5 16. Bb5 Nb4 17. Bxd7+ Qxd7 18. Kb1 Qxf5 19. a3 Rc8 20. Qb3 Nxc2 21. Qa4+ Qd7 22. Qe4 Nxe3 23. Qxe3 O-O 24. Rd5 Rb8 25. Rhd1 a4 26. Nh4 Qg4 27. Qf2 Rfc8 28. Nf5 Bf8 29. R5d3 Kh8 30. Ka1 Rb3 31. Nxd6 Rxd3 32. Rxd3 Bxd6 33. Qxf6+ Kg8 34. Rg3 Qxg3 35. hxg3 Bf8 36. Qxe5 Bg7 37. Qf4 h6 38. Ka2 h5 39. Qxa4 Rb8 40. Qc2 Rb6 41. b4 Re6 42. a4 Be5 43. Qd3 Rd6 44. Qe3 f6 45. b5 Bd4 46. Qb3+ Kg7 47. a5 Be5 48. Qb4 Rd4 49. Qb3 Rd2+ 50. Kb1 Rxg2 51. b6 Rg1+ 52. Kc2 Rg2+ 53. Kd1 Rg1+ 54. Ke2 Rg2+ 55. Kf1 Rxg3 56. Qxg3+ Bxg3 57. a6 h4 58. a7 h3 59. a8=Q h2 60. Qh1 f5 61. Kg2 Kf6 62. Qf1 f4 63. b7 Kg5 64. b8=Q f3+ 65. Kxg3 1-0


[Site "https://www.chess.com"]

[Event "Titled Tuesday Blitz May 25 2021"]
[White "Sarana, Alexey"]
[Black "korbul"]
[WhiteFideId "24133795"]
[WhiteElo "2629"]
[BlackElo "2582"]
[Result "1-0"]
[Round "02"]
[TimeControl "180+1"]
[Date "2021.05.25"]
[WhiteClock "0:01:10"]
[BlackClock "0:00:45"]

1. e4 c5 2. Nf3 e6 3. Nc3 a6 4. g3 b6 5. Bg2 Bb7 6. O-O Qc7 7. a4 Nc6 8. Re1 Nf6 9. e5 Ng4 10. d4 cxd4 11. Nxd4 Nxd4 12. Qxd4 h5 13. Ne4 Rc8 14. Re2 Be7 15. Nd6+ Bxd6 16. exd6 Qb8 17. Qxg7 Rf8 18. h3 Bxg2 19. Kxg2 Qb7+ 20. f3 Nh2 21. Qf6 Qxf3+ 22. Qxf3 Nxf3 23. Kxf3 Rc6 24. Be3 Rxd6 25. a5 1-0


[Site "https://www.chess.com"]

[Event "Titled Tuesday Blitz May 25 2021"]
[White "Senthil Maran K"]
[Black "Kazakouski, Valery"]
[WhiteFideId "25035681"]
[BlackFideId "13507443"]
[WhiteElo "2194"]
[BlackElo "2546"]
[Result "0-1"]
[Round "02"]
[TimeControl "180+1"]
[Date "2021.05.25"]
[WhiteClock "0:00:01"]
[BlackClock "0:00:28"]

1. d4 Nf6 2. c4 e6 3. g3 d5 4. Bg2 dxc4 5. Nf3 Bd7 6. Ne5 Bc6 7. Nxc6 Nxc6 8. O-O Qd7 9. e3 Rd8 10. Qe2 e5 11. Qxc4 exd4 12. exd4 Nxd4 13. Be3 c5 14. Nc3 b5 15. Nxb5 Nxb5 16. Rad1 Nd6 17. Qxc5 Rc8 18. Qd4 Be7 19. Bf4 Rd8 20. Rfe1 O-O 21. Qb4 a5 22. Qxa5 Rfe8 23. Qb4 Bf8 24. Qa3 Rxe1+ 25. Rxe1 Nc4 26. Qc3 Qb5 27. b3 Bb4 28. bxc4 Bxc3 29. cxb5 Bxe1 30. b6 Nd7 31. b7 Ba5 32. Bc6 Nb8 33. Bb5 f6 34. g4 Bb6 35. Kg2 Ba7 36. h4 Kf7 37. h5 Ke7 38. Kf3 Rd5 39. Bc4 Ra5 40. Bb3 Rb5 0-1


[Site "https://www.chess.com"]

[Event "Titled Tuesday Blitz May 25 2021"]
[White "Seul, Georg"]
[Black "Starozhilov, Leonid"]
[WhiteFideId "4601653"]
[BlackFideId "14106752"]
[WhiteElo "2332"]
[BlackElo "2411"]
[Result "1-0"]
[Round "02"]
[TimeControl "180+1"]
[Date "2021.05.25"]
[WhiteClock "0:00:38"]
[BlackClock "0:00:19"]

1. e4 g6 2. d4 Bg7 3. Nf3 d6 4. Bd3 Bg4 5. c3 Nc6 6. Nbd2 e5 7. h3 Bd7 8. Nb3 Nf6 9. O-O O-O 10. Re1 Nh5 11. Bg5 Bf6 12. Be3 b6 13. Nbd2 Bg7 14. Qc2 a5 15. Rad1 Qe7 16. Bf1 Rae8 17. g3 Kh8 18. Bg2 Nf6 19. a3 Bc8 20. b4 axb4 21. cxb4 exd4 22. Nxd4 Nxd4 23. Bxd4 c5 24. Bb2 Be6 25. Nc4 Bxc4 26. Qxc4 Nd7 27. Bxg7+ Kxg7 28. Qd3 Ne5 29. Qxd6 Qxd6 30. Rxd6 Nc4 31. Rd3 Ra8 32. bxc5 bxc5 33. Rc3 Ne5 34. f4 Nd7 35. e5 Ra5 36. e6 fxe6 37. Rxe6 Nf6 38. Rc6 Rb5 39. R6xc5 Rb2 40. Rc2 Rb3 41. R5c3 Rb1+ 42. Kh2 Rd8 43. g4 Ra1 44. Rc7+ Kf8 45. Ra7 Ra2 46. Rxa2 1-0


[Site "https://www.chess.com"]

[Event "Titled Tuesday Blitz May 25 2021"]
[White "Shapkin, Anatoliy"]
[Black "Perez, Maximiliano"]
[WhiteFideId "34108332"]
[BlackFideId "117234"]
[WhiteElo "2223"]
[BlackElo "2368"]
[Result "1-0"]
[Round "02"]
[TimeControl "180+1"]
[Date "2021.05.25"]
[WhiteClock "0:01:39"]
[BlackClock "0:00:01"]

1. d4 Nf6 2. c4 g6 3. Nc3 Bg7 4. Nf3 O-O 5. e4 d6 6. Be2 Na6 7. O-O e5 8. d5 Nc5 9. Qc2 a5 10. Bg5 h6 11. Be3 Nfd7 12. Nd2 f5 13. exf5 gxf5 14. f4 exf4 15. Bxf4 Ne5 16. Nb3 Nxb3 17. axb3 Bd7 18. Rae1 c6 19. dxc6 bxc6 20. Kh1 Qb6 21. Rd1 Qb8 22. Qd2 Qxb3 23. Qxd6 Rae8 24. Bxe5 Bxe5 25. Qxd7 Bxc3 26. Bh5 Rd8 27. Qe6+ Kh8 28. bxc3 Rxd1 29. Rxd1 Kg7 30. Qg6+ 1-0


[Site "https://www.chess.com"]

[Event "Titled Tuesday Blitz May 25 2021"]
[White "Skatchkov, Pavel"]
[Black "Sjugirov, Sanan"]
[WhiteFideId "4121848"]
[BlackFideId "4189302"]
[WhiteElo "2476"]
[BlackElo "2472"]
[Result "0-1"]
[Round "02"]
[TimeControl "180+1"]
[Date "2021.05.25"]
[WhiteClock "0:00:21"]
[BlackClock "0:00:16"]

1. d4 Nf6 2. c4 g6 3. Nc3 d5 4. Bg5 Ne4 5. Bf4 Nxc3 6. bxc3 Bg7 7. Nf3 c5 8. cxd5 Qxd5 9. e3 O-O 10. Be2 cxd4 11. cxd4 Qa5+ 12. Qd2 Qxd2+ 13. Kxd2 Nc6 14. Rhb1 b6 15. a4 Bf5 16. Rc1 Na5 17. Ra3 Be6 18. Rc7 Rfc8 19. Rac3 Rxc7 20. Rxc7 Bb3 21. Rxe7 Bf8 22. Rc7 Bb4+ 23. Kc1 Bxa4 24. Ne5 Bb3 25. Bf3 Ba3+ 26. Kd2 Re8 27. Rxa7 Bb4+ 28. Kd3 Rc8 29. Nd7 Bc4+ 30. Ke4 f5+ 31. Ke5 Re8+ 32. Kf6 Be7+ 33. Ke5 Bd8+ 34. Kd6 Re6# 0-1


[Site "https://www.chess.com"]